← All builds
Tech / Armada / Economy first / OBSERVED BUILD

Fast fusion

Tech pushes a Fusion Reactor much earlier than normal (from 8:50 instead of ~12:11) to accelerate its own and the team's energy income, while still funneling T2 constructors to Geo.

Usually first T2 con to Geo (87%)

#eco #t2 · 76 distinct matches · 28 players · 6% of Armada Tech games · team won 66% of 77 · Recently observed

THE CATCH, AND WHAT COMES WITH IT
  • Fusion ReactorFusion Reactor from 8:50 · 13% of role by thenOnly 13% of Tech games have it by then; others who build it get it around 11:17

Then transitions into anti-nuke (32% of army), Armageddon (9% of army), Platypus (9% of army).

HOW TO PLAY IT

Key timing: Fusion Reactor by 9:00

  1. Open Bot Lab into Advanced Bot Lab as the standard T2 rush.
  2. Upgrade mex to Advanced Metal Extractor to grow team metal.
  3. Push Fusion Reactor far earlier than the usual 12:17 norm.
  4. Keep supplying team with T2 cons and Advanced Construction Bots.

Phase by phase

TYPICAL OF ITS 76 GAMES · AGAINST STANDARD TECH
  1. 1
  2. 2
  3. 3
  4. 4
  5. 5
PLAY THE OPENING

Follow the example game's first 9:50 step by step: what to build now, what comes next, and where it goes. At 1× it keeps pace with your own game.

  1. 1

    Up to the Bot Lab

    Economy
    • Metal Extractor3Mex
    • Wind Turbine3Wind
    Order
    1. Bot LabBot Lab after 3 mex, 3 winddone ~1:12, middle half 1:08–1:19

    By 0:55 in all: 3 mex · 3 wind

    The example game in this phase · 5 steps
    1. Mex ×3
    2. Wind ×6
    3. Energy storage
    4. Solar
    5. Bot LabBot Labdone 1:51 · typical 1:12
  2. 2

    Bot Lab to Advanced Bot Lab

    Economy
    • Metal Extractor1Mex
    • Wind Turbine9Wind
    • Energy Converter1Converter
    • Energy Storage1Energy storage
    Order
    1. Advanced Bot LabAdvanced Bot Lab after 4 mex, 12 wind, 3 con turretdone ~4:13, middle half 4:02–4:23
    Builders
    • Construction Turret3 Con turret
    • Lazarus4 Lazarus
    • Construction Bot1 Con bot
    • Construction Bot1 Con bot for allies

    By 3:12 in all: 4 mex · 12 wind · 1 converter · 1 energy storage · 3 con turret

    The example game in this phase · 11 steps
    1. LazarusLazarus ×2
    2. Wind
    3. LazarusLazarus ×2
    4. Construction BotCon bot ×3
    5. Construction BotCon botfor Air
    6. Wind
    7. Con turret
    8. Mex
    9. Wind
    10. Con turret ×2
    11. Advanced Bot LabAdvanced Bot Labdone 4:24 · typical 4:13
  3. 3

    Advanced Bot Lab to 5:00

    Economy
    • Wind Turbine4Wind
    Builders
    • Advanced Construction Bot1 T2 con bot for allies

    Some games also: converter (45%)

    By 5:00 in all: 4 mex · 17 wind · 3 converter (standard 1) · 1 energy storage · 3 con turret

    The example game in this phase · 11 steps
    1. Wind ×5
    2. FatboyFatboyfor Ponddone 4:53
    3. Converter
    4. Wind
    5. Converter
    6. Converter
    7. Wind
    8. Converter
    9. Wind
    10. Advanced Construction BotT2 con botfor Geo
    11. Wind ×2
  4. 4

    5:00 to Fusion Reactor

    Economy
    • Wind Turbine33Wind+12 vs standard
    • Energy Converter5Converter+4 vs standard
    Order
    1. Fusion ReactorFusion Reactor after 4 mex, 48 wind, 9 converterdone ~10:08, middle half 9:46–10:31
    Builders
    • Butler8 Butler +3 vs standard
    • Advanced Construction Bot3 T2 con bot for allies
    • Advanced Construction Bot1 T2 con bot

    Some games also: con turret (48%)

    By 8:50 in all: 4 mex · 48 wind (standard 36) · 9 converter (standard 4) · 1 energy storage · 3 con turret

    The example game in this phase · 40 steps
    1. Converter
    2. Advanced Metal ExtractorT2 mexdone 5:38 · typical 5:17
    3. Wind
    4. Converter
    5. Wind
    6. Advanced Construction BotT2 con botfor Air
    7. Wind ×2
    8. Converter
    9. Wind
    10. Advanced Construction BotT2 con botfor Geo sea
    11. Wind
    12. Advanced Metal ExtractorT2 mex
    13. Wind ×2
    14. Advanced Construction BotT2 con botfor Beach sea
    15. Converter
    16. Wind ×2
    17. Advanced Metal ExtractorT2 mex
    18. Advanced Construction BotT2 con botfor Pond
    19. Wind ×3
    20. Converter
    21. Advanced Construction BotT2 con bot
    22. Wind
    23. ButlerButler
    24. Wind
    25. ButlerButler
    26. Wind
    27. ButlerButler
    28. Converter
    29. ButlerButler
    30. Wind ×2
    31. ButlerButler
    32. Advanced Metal ExtractorT2 mex
    33. Wind
    34. ButlerButler
    35. Wind ×2
    36. ButlerButler ×2
    37. Metal storage
    38. ButlerButler
    39. Wind
    40. Fusion ReactorFusiondone 10:59 · typical 10:08
  5. 5

    Fusion Reactor to 15:00

    Economy
    • Wind Turbine88Wind−50 vs standard
    • Energy Converter52Converter+13 vs standard
    Order
    1. Fusion ReactorFusion after 93 wind, 23 converter, 7 con turretin 62% of games
    2. CitadelAnti-nuke after 95 wind, 29 converter, 9 con turretin 55% of games
    Builders
    • Construction Turret9 Con turret

    Some games also: Aircraft Plant (43%) · Tracer (38%) · Advanced Fusion Reactor (35%) · metal storage (34%)

    The standard build makes here, this one skips: 5 Butler

    By 15:00 in all: 4 mex · 143 wind · 2 fusion · 60 converter (standard 44) · 1 energy storage · 1 metal storage

    The example game in this phase · 137 steps
    1. ButlerButler
    2. Wind
    3. SharpshooterSniper botfor Ponddone 8:40
    4. Wind
    5. SharpshooterSniper botfor Pond
    6. Wind ×10
    7. ButlerButler
    8. Wind
    9. Converter
    10. Wind ×8
    11. Converter
    12. Wind ×20
    13. Converter
    14. Wind ×9
    15. Con turret
    16. Wind ×4
    17. Fusion ReactorFusion
    18. Wind ×3
    19. Con turret
    20. Wind ×3
    21. Converter
    22. Wind ×2
    23. Con turret
    24. Wind ×3
    25. Converter
    26. Wind ×2
    27. Converter
    28. Wind ×3
    29. Converter ×2
    30. Wind ×6
    31. Converter
    32. Wind
    33. Converter ×2
    34. Wind ×3
    35. Converter
    36. Wind
    37. Converter
    38. Wind ×3
    39. Converter
    40. Wind
    41. Converter
    42. Wind ×6
    43. Converter
    44. Wind ×4
    45. Converter
    46. Wind ×2
    47. Aircraft PlantAircraft Plantdone 12:34
    48. Wind ×2
    49. Converter
    50. Wind
    51. Converter ×2
    52. Wind ×2
    53. Construction AircraftCon aircraft
    54. Wind ×2
    55. Converter
    56. Wind ×4
    57. Converter
    58. Wind ×2
    59. Advanced Aircraft PlantAdvanced Aircraft Plantdone 13:20
    60. Wind ×2
    61. Converter
    62. Wind ×2
    63. Converter
    64. Wind ×2
    65. Converter
    66. Wind ×2
    67. Converter ×2
    68. Wind
    69. Converter
    70. Wind ×3
    71. Converter
    72. Wind
    73. Converter
    74. Wind
    75. AbductorAbductor
    76. Wind ×2
    77. Converter
    78. Wind ×3
    79. Converter
    80. AbductorAbductor
    81. Converter
    82. Wind ×2
    83. Converter
    84. Wind ×3
    85. AbductorAbductor
    86. Converter
    87. Wind ×2
    88. Converter
    89. Wind ×3
    90. Con turret
    91. Fusion ReactorFusion
    92. Converter
    93. Wind ×2
    94. Converter
    95. Wind ×3
    96. Converter
    97. Wind
    98. Converter
    99. Wind ×3
    100. Converter
    101. Wind
    102. Converter
    103. Wind
    104. Converter
    105. Wind ×4
    106. Con turret
    107. Wind
    108. Converter ×2
    109. Wind ×2
    110. Con turret
    111. Wind ×3
    112. Con turret
    113. Converter ×2
    114. Wind
    115. Con turret
    116. Wind ×2
    117. Con turret
    118. Wind
    119. Converter ×2
    120. Aircraft PlantAircraft Plantdone 14:46
    121. Wind ×2
    122. Converter
    123. Wind ×2
    124. BlinkScout plane
    125. Wind ×2
    126. Con turret
    127. FalconFighter
    128. Converter
    129. Con turret
    130. Wind
    131. Converter
    132. Wind
    133. Con turret
    134. Wind
    135. Con turret
    136. Wind
    137. FalconFighter

Counts are medians over the build's games: half of them build more, half fewer. The example game is [Grump]Grumpiness's (50 OS, 19/09/2026); pick another.

Team trades

IN AT LEAST 30% OF ITS GAMES

You hand over

  • Construction Bot1 Con bot to Airfirst at 2:22 · in 84% of games
  • Advanced Construction Bot5 T2 con bot to Air or Pond or Geofirst at 4:40 · in 100% of games
  • Fatboy1 Fatboy to Pondfirst at 4:43 · in 31% of games

You get

  • Hercules1 Light transport from Airfirst at 3:45 · in 83% of games

How it plays out

Typical game of this build against the role’s standard build, running totals by minute

  • This build
  • Standard tech

Metal produced

020k40k
0:005:0010:0015:00

metal

Enemy metal destroyed

0200400
0:005:0010:0015:00

metal

Own metal lost

0100200300
0:005:0010:0015:00

metal

77 games.

Show as table
ByMetal produced: This buildMetal produced: Standard techEnemy metal destroyed: This buildEnemy metal destroyed: Standard techOwn metal lost: This buildOwn metal lost: Standard tech
1:003843830000
2:009179150000
3:00170016350000
4:00322231480000
5:00492448630000
6:00607758070000
7:00774372200000
8:00993590610000
9:0012532112470000
10:0017125135530000
11:0020580163420000
12:0024462198500000
13:0027513236440000
14:00316182736001250130
15:00363243147303850260
WHAT THE NUMBERS SAY

Won far more often than the standard build with a large lead in metal production and near-zero losses.

  • + Team win rate 64% vs 53% for standard build.
  • + Metal produced by 10:00 much higher (16996 vs 13553).
  • − No enemy metal destroyed recorded by 15:00 (0 vs 400 for standard).
  • − Requires strict early Bot Lab and Advanced Metal Extractor timing to reach 9:00 Fusion.
THE EXAMPLE YOU ARE READING

[Grump]Grumpiness

49.6 OS · 19/09/2026

Open source match ↗

8 received units · includes a constructor
3544 metal received · 76138 energy received

Allied construction assistance is unknown. Timings are observations, not a promise of solo reproducibility.

Typical milestones

Bot Lab1:12Middle 50%: 1:08–1:19 · n=77
Advanced Bot Lab4:13Middle 50%: 4:02–4:23 · n=77
Advanced Metal Extractor5:17Middle 50%: 4:57–5:39 · n=77
Fusion Reactor10:08Middle 50%: 9:46–10:31 · n=71

Played most by

Teaner20games of this buildSyphos10games of this build[Grump]Grumpiness7games of this buildAriah4games of this buildImmort4games of this build